 Dungeon Crawl Stone Soup version 0.23.1 (webtiles) character file.

Game seed: 10202890325317705134

312 poirepourri the Cudgeler (level 6, -5/37 HPs)
             Began as a Gargoyle Fighter on Mar 1, 2019.
             Was an Initiate of Cheibriados.
             Killed by divine providence
             ... invoked by an orc priest
              (10 damage)
             ... on level 3 of the Dungeon.
             The game lasted 00:02:38 (2718 turns).

poirepourri the Cudgeler (Gargoyle Fighter)         Turns: 2718, Time: 00:02:38

Health: -5/37      AC: 11    Str: 20    XL:     6   Next: 42%
Magic:  6/6        EV: 12    Int: 10    God:    Cheibriados [......]
Gold:   153        SH: 10    Dex: 17    Spells: 5/5 levels left

rFire    . . .     SeeInvis .   a - +0 flail
rCold    . . .     Gourm    .   c - +0 shield
rNeg     + . .     Faith    .   b - +0 scale mail
rPois    ∞         Spirit   .   (no helmet)
rElec    +         Reflect  .   (no cloak)
rCorr    .         Harm     .   (no gloves)
MR       .....                  (no boots)
Stlth    +.........             (no amulet)
HPRegen  0.12/turn              (no ring)
MPRegen  0.10/turn              (no ring)

@: agile, very slow
A: negative energy resistance 1, electricity resistance, unbreathing,
petrification resistance, rot immunity, AC +4
a: Bend Time, Renounce Religion


You were on level 3 of the Dungeon.
You worshipped Cheibriados.
Cheibriados was noncommittal.
You were not hungry.

You visited 1 branch of the dungeon, and saw 3 of its levels.

You collected 153 gold pieces.

Inventory:

Hand Weapons
 a - a +0 flail (weapon)
Missiles
 h - 10 bolts
Armour
 b - a +0 scale mail (worn)
 c - a +0 shield (worn)
Wands
 e - a wand of enslavement (9)
Scrolls
 d - a scroll of enchant armour {unknown}
Potions
 g - 2 potions of mutation
 l - a potion of agility
Comestibles
 f - 4 rations


   Skills:
 - Level 3.2 Fighting
 + Level 6.6 Maces & Flails
 - Level 3.2 Armour
 - Level 3.2 Shields


You had 5 spell levels left.
You didn't know any spells.
Your spell library was empty.

Dungeon Overview and Level Annotations

Branches:
Dungeon (3/15)

Altars:
Cheibriados


Innate Abilities, Weirdness & Mutations

You are resistant to torment.
Your stone body is resilient. (AC +4)
You are immune to poison.
You resist negative energy. (rN+)
You are resistant to electric shocks. (rElec)
You can survive without breathing.
You are immune to petrification.
You are immune to rotting.


Message History

The orc priest is heavily wounded.
The orc priest mumbles some strange prayers to Beogh against you.
Beogh smites you!
You are too injured to fight recklessly!
You are too injured to fight recklessly!
You are too injured to fight recklessly!
You are too injured to fight recklessly!
You are too injured to fight recklessly!
You hit the orc priest.
The orc priest is heavily wounded.
The orc priest barely misses you.
You feel agile all of a sudden.
The orc priest mumbles some strange prayers to Beogh against you.
Beogh smites you!
* * * LOW HITPOINT WARNING * * *
You closely miss the orc priest.
The orc priest is heavily wounded.
The orc priest calls down the wrath of Beogh upon you.
Beogh smites you!
You die...

#o ..# #o .##.# # #§ .##.#
#. #. .##.# #. #. .##.#
####. ...###.####.##.#
#.... ...g..?.....##.#####
#...#
...#####.o.###.....####.#..
#.#@###.###.....###.
#...).!.#####.##.#..
#.#.######.......... #.#.#
#.##.##.... .....
...........#
......$........###...
################# #.## #.#
#.##


You could see an orc priest.

Vanquished Creatures
  Sigmund (D:3)
  3 gnolls (D:3)
  5 adders
  An ooze (D:2)
  A worm (D:3)
  3 dart slugs
  3 leopard geckos
  3 orcs (D:3)
  2 ball pythons (D:2)
  5 giant cockroaches
  7 hobgoblins
  4 jackals (D:3)
  5 kobolds
  A quokka (D:2)
  12 bats
  2 frilled lizards
  8 goblins
  8 rats
74 creatures vanquished.

Notes
Turn   | Place    | Note
-------+----------+-------------------------------------------
     0 | D:1      | poirepourri the Gargoyle Fighter began the quest for the
                  | Orb.
     0 | D:1      | Reached XP level 1. HP: 14/14 MP: 1/1
   127 | D:1      | Reached XP level 2. HP: 16/19 MP: 2/2
   297 | D:1      | Reached skill level 3 in Maces & Flails
   684 | D:2      | Reached XP level 3. HP: 22/23 MP: 3/3
   883 | D:2      | Reached skill level 4 in Maces & Flails
  1257 | D:2      | Reached XP level 4. HP: 28/28 MP: 4/4
  1437 | D:3      | Noticed Sigmund
  1993 | D:3      | Found a snail-covered altar of Cheibriados.
  2013 | D:3      | Reached skill level 5 in Maces & Flails
  2033 | D:3      | Became a worshipper of Cheibriados the Contemplative
  2053 | D:3      | Reached XP level 5. HP: 32/32 MP: 5/5
  2109 | D:3      | HP: 2/48 [something (9)]
  2112 | D:3      | Killed Sigmund
  2112 | D:3      | Reached skill level 6 in Maces & Flails
  2112 | D:3      | Reached XP level 6. HP: 3/37 MP: 6/6
  2718 | D:3      | Killed from afar by an orc priest

Skill      XL: |  1  2  3  4  5 |
---------------+----------------+-----
Maces & Flails | 3 4 5 6 |  6.6
Fighting       | |  3.2
Armour         | |  3.2
Shields        | |  3.2

Action                   |  1- 3 |  4- 6 || total
-------------------------+-------+-------++-------
Melee: Flail             |   160 |   149 ||   309
  Use: Scroll            |     5 |     3 ||     8
       Potion            |       |     5 ||     5
  Eat: Ration            |     1 |     1 ||     2
Armor: Scale mail        |   110 |    62 ||   172
Dodge: Dodged            |    52 |    32 ||    84
Block: Shield            |    91 |    81 ||   172
